Map: Blueshift LE

Players

jade

  • Race: Protoss Protoss
  • League: Master, Master
  • Spawn Location: 7:00

Ryu - Winner!

  • Race: Terran Terran
  • League: Master
  • Spawn Location: 1:00

Ryu - Winner!

  • Race: Terran Terran
  • League: Master
  • Spawn Location: 1:00

VOD

Have the link to the VOD?

Description

Time

  • Played on: Dec. 7, 2018, 5:40 p.m.
  • Length: 9:31
Show
View Real Time Build Order
Export as new Build Order

jade Protoss 

Build Orders: Phoenix Opening 

Get SALT Encoding   

  12  0:01  Probe  
  13  0:13  Probe  
  14  0:17  Pylon  
  14  0:23  Probe  
  15  0:31  Probe  
  16  0:37  Gateway  
  16  0:39  Probe  
  16  0:47  Assimilator  
  17  0:51  Probe  
  18  1:04  Probe  
  19  1:16  Probe  
  20  1:22  Assimilator  
  20  1:25  Pylon, Cybernetics Core  
  20  1:28  Probe  
  21  1:36  Zealot  
  24  1:47  Probe  
  24  2:00  Nexus  
  24  2:01  Adept  
  24  2:02  Probe  
  24  2:14  Probe  
  27  2:24  Stargate  
  27  2:27  Warp Gate  
  27  2:29  Probe  
  28  2:38  Adept  
  28  2:41  Probe  
  31  2:56  Pylon  
  31  3:02  Gateway  
  31  3:10  Probe  
  31  3:11  Phoenix  
  34  3:15  Probe  
  34  3:19  Probe  
  35  3:23  Probe  
  36  3:27  Probe  
  38  3:36  Phoenix  
  38  3:38  Gateway  
  40  3:43  Probe x2  
  42  3:58  Probe x2  
  42  4:01  Oracle  
  47  4:02  Pylon  
  47  4:07  Probe x2  
  47  4:15  Shield Battery  
  47  4:16  Probe x2  
  47  4:23  Assimilator  
  49  4:25  Probe  
  49  4:26  Probe  
  49  4:27  Assimilator  
  51  4:32  Shield Battery  
  51  4:37  Probe  
  52  4:38  Probe  
  52  4:41  Phoenix  
  54  4:49  Probe  
  54  4:52  Probe  
  55  4:57  Pylon  
  55  4:59  Sentry, Twilight Council  
  57  5:00  Adept, Forge  
  57  5:01  Probe  
  57  5:04  Pylon, Probe  
  61  5:11  Pylon  
  61  5:20  Stalker  
  63  5:22  Stalker x2  
  63  5:23  Blink  
  63  5:24  Protoss Ground Weapons Level 1  
  63  5:28  Phoenix  
  69  5:35  Pylon  
  69  5:51  Probe  
  69  5:52  Stalker x3  
  69  5:56  Probe  
  77  6:03  Probe  
  78  6:15  Probe  
  78  6:16  Probe  
  58  6:28  Probe  
  58  6:29  Probe, Stalker x2  
  62  6:40  Probe  
  62  6:41  Probe  
  61  6:52  Probe  
  61  6:53  Probe  
  63  7:04  Nexus, Probe  
  63  7:06  Probe  
  65  7:11  Sentry x2  
  65  7:14  Protoss Ground Armor Level 1  
  69  7:16  Probe  
  69  7:21  Pylon  
  70  7:29  Charge  
  70  7:35  Gateway x2  
  70  7:37  Gateway  
  70  7:40  Gateway  
  70  7:43  Gateway  
  70  7:54  Probe x2  
  72  8:01  Robotics Facility  
  72  8:06  Probe  
  72  8:10  Pylon  
  73  8:12  Probe  
  73  8:16  Probe  
  73  8:18  Forge, Probe  
  76  8:23  Pylon, Probe  
  76  8:28  Probe  
  76  8:30  Probe  
  79  8:34  Templar Archives, Probe  
  79  8:40  Probe  
  81  8:43  Sentry  
  81  8:44  Stalker x4  
  91  8:51  Pylon  
  91  8:54  Shield Battery  
  83  9:06  Sentry, Stalker x2  
  89  9:18  Zealot x3  
  89  9:21  Zealot  
  73  9:26  Stalker  
Show
View Real Time Build Order
Export as new Build Order

Ryu Terran - Winner!

Build Orders: Cyclone Opening 

Get SALT Encoding   

  12  0:00  SCV  
  13  0:13  SCV  
  14  0:17  Supply Depot  
  14  0:25  SCV  
  15  0:39  Barracks, SCV  
  16  0:45  Refinery  
  16  0:51  SCV  
  16  0:53  Refinery  
  17  1:03  SCV  
  18  1:15  SCV  
  19  1:27  Orbital Command, Reaper  
  19  1:30  Supply Depot  
  20  1:42  Factory  
  20  1:53  SCV  
  21  2:08  SCV  
  22  2:20  SCV  
  23  2:23  Supply Depot  
  23  2:30  Factory Tech Lab  
  23  2:32  Command Center  
  23  2:33  Barracks Reactor  
  23  2:35  SCV  
  24  2:47  SCV  
  24  2:49  Cyclone  
  28  2:55  Starport  
  28  2:59  SCV  
  29  3:09  Marine x2, Mag-Field Accelerator  
  29  3:11  SCV  
  31  3:23  SCV  
  31  3:27  Marine x2, Cyclone  
  37  3:36  SCV  
  37  3:40  Liberator  
  38  3:43  Supply Depot  
  38  3:45  Marine  
  39  3:57  Marine, SCV  
  45  4:10  SCV  
  45  4:13  Orbital Command, Engineering Bay  
  44  4:17  Marine x2  
  44  4:21  Cyclone  
  44  4:22  SCV  
  50  4:30  Supply Depot  
  50  4:34  SCV  
  50  4:35  Marine x2  
  53  4:46  SCV  
  53  4:49  Medivac  
  56  4:53  SCV  
  56  4:55  Missile Turret  
  56  4:58  Missile Turret, SCV  
  58  5:02  Marine, Widow Mine x2  
  58  5:05  SCV, Stimpack  
  64  5:10  SCV  
  65  5:17  SCV  
  66  5:22  Marine, SCV  
  68  5:29  SCV, Command Center  
  69  5:42  SCV  
  70  5:50  Starport Tech Lab  
  70  5:55  Terran Infantry Weapons Level 1, Supply Depot  
  70  5:56  Barracks  
  70  5:57  Barracks  
  70  5:58  Factory Reactor  
  70  5:59  Refinery, Supply Depot  
  70  6:00  Supply Depot  
  70  6:03  Marine, SCV x2  
  67  6:15  SCV x2  
  61  6:24  Marine  
  60  6:28  SCV x2  
  60  6:31  Supply Depot  
  60  6:32  Bunker  
  54  6:40  SCV x2  
  54  6:42  Starport Reactor, Marine  
  54  6:43  Orbital Command  
  54  6:45  Marine x2, Factory Reactor  
  57  6:52  SCV x2  
  61  6:54  Marauder, Barracks x2, Combat Shield  
  61  7:01  Marauder  
  63  7:02  Marine  
  63  7:03  Marine, Refinery  
  63  7:04  SCV x2  
  63  7:06  Concussive Shells  
  67  7:11  Orbital Command  
  69  7:15  Marauder  
  69  7:16  SCV x2  
  69  7:20  Marine x2  
  69  7:22  Marauder  
  75  7:28  SCV x2  
  75  7:29  Missile Turret  
  77  7:31  Medivac x2, Widow Mine x2  
  77  7:36  SCV  
  86  7:39  Marine x2  
  86  7:40  Marauder, SCV x2  
  86  7:42  Barracks Tech Lab, Marine  
  86  7:43  Marauder, Marine  
  96  7:49  Armory  
  96  7:52  Engineering Bay  
  96  7:55  SCV x2  
  96  7:57  Marine x2  
  100  7:59  SCV  
  100  8:01  Widow Mine x2  
  100  8:02  Marauder  
  100  8:05  Supply Depot  
  107  8:07  SCV  
  107  8:12  Marine x2  
  109  8:13  Marauder x2  
  109  8:14  Supply Depot  
  109  8:15  Supply Depot x2  
  109  8:17  Marine  
  115  8:20  Liberator  
  115  8:22  Widow Mine  
  115  8:23  Refinery  
  115  8:24  Refinery  
  115  8:25  Ghost Academy, Supply Depot  
  117  8:28  SCV x3  
  117  8:30  Marauder, Marine x2  
  117  8:31  Marine  
  125  8:34  Supply Depot  
  125  8:37  Medivac  
  130  8:55  Marauder x2, Marine x2  
  132  9:03  Marauder  
  132  9:05  Marine  
  132  9:06  Marine  
  132  9:07  SCV x2, Widow Mine x2  
Show
View Real Time Build Order
Export as new Build Order

Ryu Terran - Winner!

Build Orders: Cyclone Opening 

Get SALT Encoding   

  12  0:00  SCV  
  13  0:13  SCV  
  14  0:17  Supply Depot  
  14  0:25  SCV  
  15  0:39  Barracks, SCV  
  16  0:45  Refinery  
  16  0:51  SCV  
  16  0:53  Refinery  
  17  1:03  SCV  
  18  1:15  SCV  
  19  1:27  Orbital Command, Reaper  
  19  1:30  Supply Depot  
  20  1:42  Factory  
  20  1:53  SCV  
  21  2:08  SCV  
  22  2:20  SCV  
  23  2:23  Supply Depot  
  23  2:30  Factory Tech Lab  
  23  2:32  Command Center  
  23  2:33  Barracks Reactor  
  23  2:35  SCV  
  24  2:47  SCV  
  24  2:49  Cyclone  
  28  2:55  Starport  
  28  2:59  SCV  
  29  3:09  Marine x2, Mag-Field Accelerator  
  29  3:11  SCV  
  31  3:23  SCV  
  31  3:27  Marine x2, Cyclone  
  37  3:36  SCV  
  37  3:40  Liberator  
  38  3:43  Supply Depot  
  38  3:45  Marine  
  39  3:57  Marine, SCV  
  45  4:10  SCV  
  45  4:13  Orbital Command, Engineering Bay  
  44  4:17  Marine x2  
  44  4:21  Cyclone  
  44  4:22  SCV  
  50  4:30  Supply Depot  
  50  4:34  SCV  
  50  4:35  Marine x2  
  53  4:46  SCV  
  53  4:49  Medivac  
  56  4:53  SCV  
  56  4:55  Missile Turret  
  56  4:58  Missile Turret, SCV  
  58  5:02  Marine, Widow Mine x2  
  58  5:05  SCV, Stimpack  
  64  5:10  SCV  
  65  5:17  SCV  
  66  5:22  Marine, SCV  
  68  5:29  SCV, Command Center  
  69  5:42  SCV  
  70  5:50  Starport Tech Lab  
  70  5:55  Terran Infantry Weapons Level 1, Supply Depot  
  70  5:56  Barracks  
  70  5:57  Barracks  
  70  5:58  Factory Reactor  
  70  5:59  Refinery, Supply Depot  
  70  6:00  Supply Depot  
  70  6:03  Marine, SCV x2  
  67  6:15  SCV x2  
  61  6:24  Marine  
  60  6:28  SCV x2  
  60  6:31  Supply Depot  
  60  6:32  Bunker  
  54  6:40  SCV x2  
  54  6:42  Starport Reactor, Marine  
  54  6:43  Orbital Command  
  54  6:45  Marine x2, Factory Reactor  
  57  6:52  SCV x2  
  61  6:54  Marauder, Barracks x2, Combat Shield  
  61  7:01  Marauder  
  63  7:02  Marine  
  63  7:03  Marine, Refinery  
  63  7:04  SCV x2  
  63  7:06  Concussive Shells  
  67  7:11  Orbital Command  
  69  7:15  Marauder  
  69  7:16  SCV x2  
  69  7:20  Marine x2  
  69  7:22  Marauder  
  75  7:28  SCV x2  
  75  7:29  Missile Turret  
  77  7:31  Medivac x2, Widow Mine x2  
  77  7:36  SCV  
  86  7:39  Marine x2  
  86  7:40  Marauder, SCV x2  
  86  7:42  Barracks Tech Lab, Marine  
  86  7:43  Marauder, Marine  
  96  7:49  Armory  
  96  7:52  Engineering Bay  
  96  7:55  SCV x2  
  96  7:57  Marine x2  
  100  7:59  SCV  
  100  8:01  Widow Mine x2  
  100  8:02  Marauder  
  100  8:05  Supply Depot  
  107  8:07  SCV  
  107  8:12  Marine x2  
  109  8:13  Marauder x2  
  109  8:14  Supply Depot  
  109  8:15  Supply Depot x2  
  109  8:17  Marine  
  115  8:20  Liberator  
  115  8:22  Widow Mine  
  115  8:23  Refinery  
  115  8:24  Refinery  
  115  8:25  Ghost Academy, Supply Depot  
  117  8:28  SCV x3  
  117  8:30  Marauder, Marine x2  
  117  8:31  Marine  
  125  8:34  Supply Depot  
  125  8:37  Medivac  
  130  8:55  Marauder x2, Marine x2  
  132  9:03  Marauder  
  132  9:05  Marine  
  132  9:06  Marine  
  132  9:07  SCV x2, Widow Mine x2  
Tags
 
Add a new tag
Caveats
  • Supply blocks, unpowered buildings, or Contaminate may cause inaccurate times.
  • Supply counts are checked every 10 seconds.